AoeStats
← Jazzmushroom

MegaRandom

507202707Analyzed
4v4 RM · 15d ago on Sep 17, 2026· 28m 29s· 8 players
Game mode
Random Map
Map size
Large (8 player)
Population
200
Speed
Normal
Resources
Standard
Victory
Conquest
Starting age
Dark Age
Ending age
Imperial Age
RankedLock teamsTeams togetherTeam positionsShared explorationLock speedFull tech treeHidden civsTurbo modeCheats
Victory
Defeat
🇵🇪 Wei · Peru
1269
+14
🇨🇳 Franks · China
1261
+15
🇨🇱 Mongols · Chile
1243
+15
🇨🇦 Ethiopians · Canada
1240
+15
🇲🇽 Gurjaras · Mexico
1332
-19
🇺🇸 Koreans · United States
1306
-18
🇺🇸 Vietnamese · United States
1142
-11
🇨🇱 Franks · Chile
1138
-11
trashypanda
7:08 Loom
9:32 Feudal Age
9:39 Man-at-Arms
16:48 Double-Bit Axe
22:43 Castle Age
21:50 Fletching
23:13 Padded Archer Armor
23:21 Bodkin Arrow
23:14 Crossbowman
25:09 Bow Saw
25:47 Squires
27:05 Horse Collar
semarch98
8:23 Feudal Age
9:18 Double-Bit Axe
13:22 Fletching
15:56 Loom
18:01 Padded Archer Armor
18:39 Horse Collar
24:55 Castle Age
25:53 Thumb Ring
25:09 Crossbowman
25:47 Bodkin Arrow
EU _XING
1:26 Loom
3:03 Loom
10:21 Feudal Age
11:59 Wheelbarrow
13:21 Town Watch
14:36 Forging
17:00 Scale Barding Armor
19:48 Gold Mining
23:10 Castle Age
21:24 Double-Bit Axe
24:08 Bow Saw
24:19 Hand Cart
24:42 Gold Shaft Mining
25:03 Chain Barding Armor
25:21 Iron Casting
[DM] Oso Tulon
7:27 Loom
10:03 Feudal Age
10:35 Double-Bit Axe
18:25 Forging
19:40 Wheelbarrow
23:23 Castle Age
22:33 Stone Mining
22:34 Gold Mining
22:56 Bloodlines
22:53 Scale Barding Armor
23:44 Town Watch
24:24 Bow Saw
24:44 Horse Collar
Kodrokos
11:52 Feudal Age
12:48 Loom
16:38 Double-Bit Axe
21:17 Fletching
Jazzmushroom
7:49 Loom
10:42 Feudal Age
11:15 Double-Bit Axe
17:41 Castle Age
17:46 Fletching
18:47 Bow Saw
20:22 Squires
21:15 Horse Collar
24:42 Heavy Plow
24:35 Town Watch
25:38 Wheelbarrow
25:25 Gambesons
29:05 Husbandry
Ziton127
7:10 Loom
10:02 Feudal Age
10:36 Double-Bit Axe
10:37 Horse Collar
23:45 Castle Age
23:35 Bloodlines
26:44 Stone Mining
rubenb
0:27 Loom
10:16 Feudal Age
11:20 Double-Bit Axe
18:59 Castle Age
19:02 Scale Barding Armor
23:25 Forging
25:53 Bow Saw
26:00 Gold Mining
27:17 Husbandry
28:56 Iron Casting
Connection lost

Rejoining the realm…

Still unreachable

The connection could not be restored.

Session expired

The server has moved on; the page needs a fresh start.